[Event "Titled Tuesday Blitz September 28 2021"]
[White "Rogac, Srdjan"]
[Black "Mekhitarian, Krikor Sevag"]
[WhiteFideId "920576"]
[BlackFideId "2107660"]
[WhiteElo "2389"]
[BlackElo "2598"]
[Result "0-1"]
[Round "10"]
[TimeControl "180+1"]
[Date "2021.09.28"]
[WhiteClock "0:01:46"]
[BlackClock "0:00:07"]

1. Nf3 d5 2. c4 e6 3. b3 Nf6 4. Bb2 Bd6 5. g3 O-O 6. Bg2 c6 7. O-O Nbd7 8. d3 Qe7 9. Nc3 a6 10. Rc1 Rb8 11. Rc2 Re8 12. Qa1 e5 13. cxd5 cxd5 14. Nd2 d4 15. Nce4 Nxe4 16. Nxe4 Ba3 17. Rfc1 Bxb2 18. Qxb2 Nf8 19. Rc7 Qd8 20. Nd2 Ne6 21. R7c2 Bd7 22. Nc4 Qc7 23. Ne3 Qd8 24. Nc4 Qc7 25. h4 Bb5 26. a4 Bxc4 27. Rxc4 Qd6 28. b4 g6 29. a5 Kg7 30. R1c2 h5 31. Qc1 Red8 32. Qd2 Rd7 33. Bh3 Re7 34. Rc8 Rxc8 35. Rxc8 Nc7 36. Bg2 Nb5 37. Rc5 Nc3 38. e3 Rc7 39. Rxc7 Qxc7 40. exd4 exd4 41. Bf3 b6 42. axb6 Qxb6 43. Qb2 a5 44. b5 Qxb5 45. Qa3 Qb4 46. Qc1 Qb1 47. Qxb1 Nxb1 48. Kf1 a4 49. Ke1 Nc3 0-1


[Site "https://www.chess.com"]

[Event "Titled Tuesday Blitz September 28 2021"]
[White "Romanchuk, Viktor"]
[Black "Sadhwani, Raunak"]
[WhiteFideId "14109271"]
[BlackFideId "35093487"]
[WhiteElo "2242"]
[BlackElo "2517"]
[Result "0-1"]
[Round "10"]
[TimeControl "180+1"]
[Date "2021.09.28"]
[WhiteClock "0:00:09"]
[BlackClock "0:02:14"]

1. d4 d6 2. c4 Nf6 3. Nf3 g6 4. g3 Bg7 5. Bg2 O-O 6. Nc3 Nbd7 7. O-O e5 8. e4 exd4 9. Nxd4 Re8 10. h3 Nc5 11. Re1 a5 12. Qc2 Bd7 13. Kh2 Qc8 14. Be3 Re5 15. g4 Bxg4 16. hxg4 Nxg4+ 17. Kg1 Rh5 18. Nd5 Qd8 19. Nf3 Nxe3 20. Nxe3 Ne6 21. e5 dxe5 22. Qe4 c6 23. Rad1 Qe7 24. Kf1 f5 25. Qd3 e4 26. Qd7 Qxd7 27. Rxd7 Nc5 28. Rxg7+ Kxg7 29. Ng1 Rd8 30. Rd1 Rxd1+ 31. Nxd1 Kf6 32. Ne2 Ke5 33. f4+ exf3 34. Bxf3 Rh4 35. b3 Ne4 36. Nf2 Nd2+ 37. Kg2 Nxf3 38. Kxf3 g5 39. Nd3+ Kf6 40. Kg3 Re4 41. Kf3 g4+ 42. Kf2 Kg5 43. Nc5 Re7 44. Nd4 f4 45. Nde6+ Kf5 46. Nd4+ Ke5 47. Ne2 f3 48. Ng3 Rf7 49. Ke3 f2 50. Nd3+ Ke6 51. Nf4+ Kd7 52. Nf1 Kd6 53. Nh5 Kc5 54. Nhg3 Kb4 55. Ne4 Ka3 56. Nxf2 Kxa2 57. Nxg4 Rxf1 0-1


[Site "https://www.chess.com"]

[Event "Titled Tuesday Blitz September 28 2021"]
[White "Rosen, Eric"]
[Black "Pajeken, Jakob Leon"]
[WhiteFideId "2032562"]
[BlackFideId "12942839"]
[WhiteElo "2362"]
[BlackElo "2351"]
[Result "1/2-1/2"]
[Round "10"]
[TimeControl "180+1"]
[Date "2021.09.28"]
[WhiteClock "0:00:05"]
[BlackClock "0:00:25"]

1. d4 d5 2. Bf4 Nf6 3. e3 e6 4. Nf3 Bd6 5. Ne5 Nfd7 6. Qg4 O-O 7. Bd3 f5 8. Qg3 Nf6 9. Nd2 Nc6 10. c3 Ne4 11. Qh3 g5 12. Nxc6 bxc6 13. Be5 Bxe5 14. dxe5 Nxd2 15. Kxd2 c5 16. f4 g4 17. Qh6 Rb8 18. h3 Rxb2+ 19. Kc1 Rxg2 20. hxg4 Qe7 21. gxf5 exf5 22. Qh3 Qg7 23. Rb1 Rg3 24. Qh2 d4 25. Bc4+ Kh8 26. cxd4 cxd4 27. Rb2 dxe3 28. Rc2 Bb7 29. Re1 Be4 30. Rc3 Rb8 31. Rcxe3 Rb1+ 32. Kd2 Rb2+ 33. Kc3 Rxh2 34. Kd4 Qd7+ 35. Kc5 Qc6+ 36. Kb4 Rb2+ 37. Bb3 Rxe3 38. Rxe3 Qb6+ 39. Ka3 Rxb3+ 40. Rxb3 Qxb3+ 41. axb3 Bd5 42. b4 h5 43. b5 h4 44. Kb4 h3 45. Kc5 h2 46. Kxd5 h1=Q+ 47. Ke6 Qb7 48. Kf7 Qxb5 49. e6 Qc4 50. Ke7 Qxf4 51. Kf7 Qe4 52. Ke7 Qxe6+ 53. Kf8 f4 1/2-1/2


[Site "https://www.chess.com"]

[Event "Titled Tuesday Blitz September 28 2021"]
[White "Salinas Herrera, Pablo"]
[Black "Korchmar, Vasiliy"]
[WhiteFideId "3407128"]
[BlackFideId "24131750"]
[WhiteElo "2541"]
[BlackElo "2370"]
[Result "1-0"]
[Round "10"]
[TimeControl "180+1"]
[Date "2021.09.28"]
[WhiteClock "0:00:10"]
[BlackClock "0:00:01"]

1. e4 c5 2. Nf3 d6 3. Nc3 Nc6 4. Bb5 Bd7 5. O-O g6 6. d4 cxd4 7. Nxd4 Bg7 8. Be3 Nf6 9. Qd2 Ng4 10. Bxc6 bxc6 11. Bg5 h6 12. Bh4 Qb6 13. Nb3 g5 14. Bg3 O-O 15. h4 Bf6 16. hxg5 hxg5 17. e5 Nxe5 18. Ne4 Bf5 19. Nxf6+ exf6 20. Qxd6 Ng4 21. Qd2 Rad8 22. Qc3 Kg7 23. Rad1 Rh8 24. Nd4 Bg6 25. Rfe1 Rh5 26. f3 Rdh8 27. fxg4 Rh1+ 28. Kf2 Rxe1 29. Rxe1 Rd8 30. Rd1 f5 31. gxf5 Bh5 32. Rd3 Bg4 33. Kf1 Kh7 34. b4 Qa6 35. a3 Re8 36. Bf2 c5 37. bxc5 Qh6 38. Kg1 Qh5 39. Rg3 Rb8 40. Nb3 Rd8 41. Rd3 1-0


[Site "https://www.chess.com"]

[Event "Titled Tuesday Blitz September 28 2021"]
[White "Sarkar, Justin"]
[Black "Lehtosaari, Mauri"]
[WhiteFideId "2010011"]
[BlackFideId "501999"]
[WhiteElo "2038"]
[BlackElo "2432"]
[Result "0-1"]
[Round "10"]
[TimeControl "180+1"]
[Date "2021.09.28"]
[WhiteClock "0:00:01"]
[BlackClock "0:01:01"]

1. e4 c5 2. Nf3 e6 3. d4 cxd4 4. Nxd4 Qb6 5. Nb3 Qc7 6. Nc3 a6 7. Bd3 Nf6 8. O-O Be7 9. f4 d6 10. g4 b5 11. g5 Nfd7 12. Qf3 Bb7 13. Qh3 Nc6 14. g6 fxg6 15. Qxe6 Nf6 16. a4 Bc8 17. Nd5 Qa7+ 18. Be3 Bxe6 19. Bxa7 Rxa7 20. axb5 axb5 21. Rxa7 Nxa7 22. Nc7+ Kd7 23. Nxe6 Kxe6 24. Nd4+ Kd7 25. Nxb5 Nxb5 26. Bxb5+ Kc7 27. c4 Ra8 28. e5 Nh5 29. exd6+ Bxd6 30. f5 gxf5 31. Rxf5 Nf6 32. c5 Be7 33. Bc4 Ra1+ 34. Kg2 Rc1 0-1


[Site "https://www.chess.com"]

[Event "Titled Tuesday Blitz September 28 2021"]
[White "Sellitti, Federico"]
[Black "Samadov, Read"]
[WhiteFideId "821829"]
[BlackFideId "13417444"]
[WhiteElo "2588"]
[BlackElo "2084"]
[Result "0-1"]
[Round "10"]
[TimeControl "180+1"]
[Date "2021.09.28"]
[WhiteClock "0:00:08"]
[BlackClock "0:00:21"]

1. e4 c5 2. Nc3 d6 3. g3 g6 4. Bg2 Bg7 5. d3 Nc6 6. Be3 e6 7. Qd2 Nd4 8. Nd1 Ne7 9. c3 Ndc6 10. Bh6 Bxh6 11. Qxh6 Ng8 12. Qd2 Nf6 13. f4 e5 14. Ne2 O-O 15. O-O exf4 16. Nxf4 Kg7 17. Ne3 Re8 18. Nfd5 Nxd5 19. Nxd5 f5 20. exf5 Bxf5 21. Qf4 Rf8 22. Qd2 Qd7 23. Rae1 Rae8 24. Nf4 Rxe1 25. Rxe1 Re8 26. Bd5 Re5 27. d4 cxd4 28. cxd4 Rxe1+ 29. Qxe1 Ne7 30. Be6 Qa4 31. d5 Qd4+ 32. Qf2 Qxf2+ 33. Kxf2 Bxe6 34. Nxe6+ Kf6 35. Nd8 Nxd5 36. Nxb7 Ke5 37. Kf3 Nb4 38. a4 d5 39. Ke2 d4 40. Kd2 Kd5 41. Nd8 h5 42. Nf7 Ke4 43. Ng5+ Kf5 44. Nf7 g5 45. Nd6+ Kg4 46. Nb5 Kh3 47. Nxd4 Kxh2 48. Nf5 Kh3 49. Kc3 Nc6 50. b4 Kg4 51. Ng7 h4 52. gxh4 gxh4 53. b5 Ne7 54. Ne8 h3 55. Nf6+ Kf3 56. a5 h2 57. b6 axb6 58. axb6 h1=Q 59. Kb4 Qb1+ 60. Kc5 Qf5+ 61. Kb4 Qxf6 62. b7 0-1


[Site "https://www.chess.com"]

[Event "Titled Tuesday Blitz September 28 2021"]
[White "Shimelkov, Vasiliy"]
[Black "Pridorozhni, Aleksei"]
[WhiteFideId "13701630"]
[BlackFideId "4127870"]
[WhiteElo "2073"]
[BlackElo "2565"]
[Result "0-1"]
[Round "10"]
[TimeControl "180+1"]
[Date "2021.09.28"]
[WhiteClock "0:00:13"]
[BlackClock "0:01:18"]

1. d4 d5 2. Nf3 c6 3. c4 e6 4. Nc3 Nf6 5. Bg5 dxc4 6. e4 b5 7. e5 h6 8. Bh4 g5 9. exf6 gxh4 10. Ne5 Qxf6 11. g3 Bb7 12. Bg2 h3 13. Bf3 a6 14. O-O Bg7 15. a4 O-O 16. axb5 axb5 17. Rxa8 Bxa8 18. Qa1 Nd7 19. Ne4 Qe7 20. Nxd7 Qxd7 21. Rd1 Rd8 22. Qc1 Qe7 23. Qf4 c5 24. dxc5 Rxd1+ 25. Bxd1 Bxe4 26. Qxe4 Qxc5 27. Qa8+ Bf8 28. Qe4 Qd5 29. Qg4+ Bg7 30. Bf3 Qd2 31. Qxh3 Bxb2 32. Qg4+ Kf8 33. Qe4 Bd4 34. Qe2 Qxe2 35. Bxe2 Ke7 36. Kf1 Kd6 37. f3 Kc5 38. Ke1 b4 39. Kd1 b3 40. Kd2 Kb4 41. Bd1 c3+ 42. Kd3 Bg1 43. h3 Bh2 44. g4 Bf4 0-1


[Site "https://www.chess.com"]

[Event "Titled Tuesday Blitz September 28 2021"]
[White "Shkapenko, Pavel"]
[Black "Le, Tuan Minh"]
[WhiteFideId "4151933"]
[BlackFideId "12401153"]
[WhiteElo "2386"]
[BlackElo "2450"]
[Result "1/2-1/2"]
[Round "10"]
[TimeControl "180+1"]
[Date "2021.09.28"]
[WhiteClock "0:01:32"]
[BlackClock "0:00:44"]

1. e4 c5 2. c3 Nf6 3. e5 Nd5 4. d4 cxd4 5. cxd4 Nc6 6. Nc3 Nxc3 7. bxc3 d6 8. Nf3 dxe5 9. d5 e4 10. Ng5 Ne5 11. Nxe4 g6 12. f4 Nd7 13. Qd4 f6 14. Bc4 Qb6 15. Qd3 f5 16. Ng5 Bg7 17. Ne6 Bf6 18. Be3 Qa5 19. O-O Nf8 20. Nd4 Nd7 21. Ne6 Nf8 22. Nd4 Nd7 23. Ne6 1/2-1/2


[Site "https://www.chess.com"]

[Event "Titled Tuesday Blitz September 28 2021"]
[White "Shtembuliak, Evgeny"]
[Black "Indjic, Aleksandar"]
[WhiteFideId "14113325"]
[BlackFideId "911925"]
[WhiteElo "2504"]
[BlackElo "2643"]
[Result "1-0"]
[Round "10"]
[TimeControl "180+1"]
[Date "2021.09.28"]
[WhiteClock "0:00:12"]
[BlackClock "0:00:20"]

1. e4 e5 2. Nf3 Nc6 3. d4 exd4 4. Nxd4 Qf6 5. Nxc6 Bc5 6. Qf3 dxc6 7. Nc3 Qxf3 8. gxf3 Ne7 9. Rg1 Ng6 10. Be3 Bd6 11. h3 Be6 12. Ne2 Nh4 13. Bg2 Nxg2+ 14. Rxg2 g6 15. h4 O-O-O 16. Bf4 Be7 17. Bg5 f6 18. Be3 a5 19. a3 Rd7 20. Nf4 Bf7 21. Rd1 Rxd1+ 22. Kxd1 b6 23. Kc1 Rd8 24. Ne2 c5 25. Nc3 Kb7 26. f4 Kc6 27. h5 g5 28. h6 gxf4 29. Bxf4 Bg6 30. f3 f5 31. Be5 fxe4 32. fxe4 Re8 33. Rxg6+ hxg6 34. h7 g5 35. h8=Q Rxh8 36. Bxh8 g4 37. Be5 b5 38. Nd5 Bh4 39. Kd1 c4 40. c3 Kb7 41. Ne3 Bg5 42. Nxg4 c5 43. Nf6 Kc6 44. Nd5 b4 45. Bf4 Bh4 46. cxb4 cxb4 47. axb4 a4 48. Nc3 Bf6 49. e5 Be7 50. b5+ Kc5 51. Be3+ Kb4 52. Nd5+ Kb3 53. Nxe7 c3 54. bxc3 a3 55. c4 Kc3 56. Nc6 1-0


[Site "https://www.chess.com"]

[Event "Titled Tuesday Blitz September 28 2021"]
[White "Sinitsina, Anastassia"]
[Black "Kucuksari, Kaan"]
[WhiteFideId "4504640"]
[BlackFideId "6380166"]
[WhiteElo "2161"]
[BlackElo "2301"]
[Result "0-1"]
[Round "10"]
[TimeControl "180+1"]
[Date "2021.09.28"]
[WhiteClock "0:00:01"]
[BlackClock "0:00:27"]

1. Nf3 Nf6 2. g3 b6 3. Bg2 Bb7 4. O-O e6 5. d3 Be7 6. Nbd2 d5 7. Re1 c5 8. e4 Nc6 9. e5 Nd7 10. Nf1 b5 11. h4 Qc7 12. Bf4 b4 13. N1h2 a5 14. Ng4 a4 15. a3 bxa3 16. bxa3 d4 17. Qd2 Na7 18. Rab1 Bd5 19. c4 dxc3 20. Qxc3 Qc6 21. Ngh2 Nb5 22. Qc1 c4 23. dxc4 Qxc4 24. Qxc4 Bxc4 25. Nd4 Nxd4 26. Bxa8 O-O 27. Be4 Bxa3 28. Ra1 Bb4 29. Rxa4 Bxe1 30. Rxc4 Ne2+ 31. Kf1 Nxf4 32. Kxe1 Nxe5 33. Rc7 Nfd3+ 34. Ke2 Nb4 35. f4 Ng6 36. h5 Nh8 37. Ng4 f5 38. h6 Nf7 39. hxg7 Kxg7 40. Bf3 fxg4 41. Bxg4 Kf6 42. Rb7 Nd5 43. Bh5 Ne7 44. Ra7 Nf5 45. Kf3 h6 46. g4 Ng7 47. Bxf7 Rxf7 48. Ra6 Kg6 49. Kg3 Rf6 50. Rb6 e5 51. f5+ Kg5 52. Rb4 h5 53. Rb7 Ne8 54. Re7 Nd6 55. Rxe5 hxg4 56. Rd5 Nxf5+ 0-1


[Site "https://www.chess.com"]

[Event "Titled Tuesday Blitz September 28 2021"]
[White "Sjugirov, Sanan"]
[Black "Savchenko, Boris"]
[WhiteFideId "4189302"]
[BlackFideId "4147332"]
[WhiteElo "2654"]
[BlackElo "2543"]
[Result "0-1"]
[Round "10"]
[TimeControl "180+1"]
[Date "2021.09.28"]
[WhiteClock "0:00:02"]
[BlackClock "0:00:36"]

1. e4 c5 2. Nf3 d6 3. d4 cxd4 4. Qxd4 Nc6 5. Bb5 Bd7 6. Bxc6 Bxc6 7. c4 f5 8. exf5 Qa5+ 9. Nc3 Qxf5 10. Be3 Nf6 11. Qd1 e5 12. O-O Be7 13. Nd2 g5 14. b4 g4 15. b5 Bd7 16. Qe2 Qg6 17. Rad1 b6 18. Rfe1 Rc8 19. Nf1 Be6 20. Nd5 Nxd5 21. cxd5 Rc2 22. Rd2 Rxd2 23. Qxd2 Bd7 24. a4 Kf7 25. Rc1 Rc8 26. Rxc8 Bxc8 27. Qc1 Bb7 28. Qc4 h5 29. Nd2 Ke8 30. Qc7 Bxd5 31. Qxa7 Qc2 32. Qxb6 Kf7 33. h4 gxh3 34. gxh3 Qd1+ 35. Kh2 Qh1+ 0-1


[Site "https://www.chess.com"]

[Event "Titled Tuesday Blitz September 28 2021"]
[White "Skatchkov, Valery"]
[Black "Martin Carmona, Gaston Manuel"]
[WhiteFideId "24195812"]
[BlackFideId "22284567"]
[WhiteElo "2195"]
[BlackElo "2161"]
[Result "0-1"]
[Round "10"]
[TimeControl "180+1"]
[Date "2021.09.28"]
[WhiteClock "0:00:14"]
[BlackClock "0:01:21"]

1. Nf3 g6 2. g3 Bg7 3. Bg2 Nf6 4. O-O O-O 5. d4 d6 6. c4 Nc6 7. Nc3 Bf5 8. d5 Na5 9. Nd4 Bd7 10. b3 c5 11. dxc6 Nxc6 12. Bb2 Nxd4 13. Qxd4 Bc6 14. Bxc6 bxc6 15. e4 Nd7 16. Qd2 Rb8 17. Rad1 Ne5 18. Kg2 Qb6 19. Rfe1 Nxc4 20. bxc4 Qxb2 21. Qxb2 Rxb2 22. Ne2 Rfb8 23. Nf4 Rxa2 24. Nd3 Rc2 25. Rc1 Rxc1 26. Rxc1 Bd4 27. Rc2 Rb3 28. Nc1 Rb2 29. Rxb2 Bxb2 30. Na2 Kg7 31. Kf1 Kf6 32. Ke2 Ke5 33. Kd3 g5 34. Nb4 Ke6 35. Nxc6 a6 36. Kc2 Ba3 37. Kb3 Bc5 38. Ka4 Bxf2 39. Ka5 g4 40. Kxa6 Bg1 41. Nd8+ Kf6 42. e5+ dxe5 43. Kb5 e4 44. Kb4 Bxh2 45. c5 Bxg3 46. c6 Bd6+ 47. Kc4 g3 48. Nb7 Bc7 49. Nd6 exd6 0-1


[Site "https://www.chess.com"]

[Event "Titled Tuesday Blitz September 28 2021"]
[White "Sokolovsky, Yahli"]
[Black "Vogel, Roven"]
[WhiteFideId "2820242"]
[BlackFideId "12908088"]
[WhiteElo "1770"]
[BlackElo "2516"]
[Result "0-1"]
[Round "10"]
[TimeControl "180+1"]
[Date "2021.09.28"]
[WhiteClock "0:00:01"]
[BlackClock "0:00:36"]

1. b3 d5 2. Bb2 Bf5 3. e3 e6 4. f4 Nf6 5. Nf3 h6 6. Be2 c5 7. O-O Be7 8. Bb5+ Nbd7 9. d3 O-O 10. Bxd7 Nxd7 11. Nbd2 Bh7 12. Ne5 Nxe5 13. Bxe5 d4 14. Qg4 f6 15. Qxe6+ Kh8 16. exd4 fxe5 17. dxe5 Bg8 18. Qg4 Qd4+ 19. Kh1 Bd5 20. Rae1 Rae8 21. Ne4 Bd8 22. Nd6 Rxe5 23. Ne4 Ree8 24. f5 Bxe4 25. dxe4 Bf6 26. Qe2 Re7 27. Rf3 Rfe8 28. Rd1 Qxe4 29. Qxe4 Rxe4 30. h3 Re1+ 31. Rxe1 Rxe1+ 32. Kh2 Re2 33. Rd3 Rxc2 34. Rd7 Be5+ 35. Kg1 Bg3 36. Kf1 Rf2+ 37. Ke1 Rxa2+ 38. Kd1 b6 39. Rd8+ Kh7 40. Rd7 Be5 41. g4 Bf6 42. h4 Bxh4 43. Kc1 Bf6 44. Kb1 Rb2+ 45. Kc1 Rxb3 46. Rxa7 Rb4 47. Rb7 c4 48. Kc2 c3 49. g5 hxg5 50. Kd3 Rb2 51. Rc7 b5 52. Ke3 b4 53. Kf3 c2 54. Kg4 b3 55. Kh5 Rb1 56. Rxg7+ Kxg7 57. Kg4 0-1


[Site "https://www.chess.com"]

[Event "Titled Tuesday Blitz September 28 2021"]
[White "Soumya, Swaminathan"]
[Black "Maksimenko, Viktor"]
[WhiteFideId "5016193"]
[BlackFideId "13710478"]
[WhiteElo "2115"]
[BlackElo "2269"]
[Result "1-0"]
[Round "10"]
[TimeControl "180+1"]
[Date "2021.09.28"]
[WhiteClock "0:00:53"]
[BlackClock "0:01:21"]

1. e4 c6 2. d4 d5 3. e5 Bf5 4. h4 h5 5. c4 e6 6. Nc3 Bb4 7. Bd3 Ne7 8. Ne2 Nd7 9. Ng3 Bxd3 10. Qxd3 Bxc3+ 11. bxc3 dxc4 12. Qxc4 b5 13. Qe2 Nb6 14. Nxh5 Nf5 15. Bg5 Qd5 16. O-O Qc4 17. Qxc4 Nxc4 18. g4 g6 19. Nf6+ Kf8 20. gxf5 gxf5 21. a4 a6 22. axb5 cxb5 23. Rfb1 Kg7 24. Nd7 Kg6 25. Nc5 a5 26. Rxb5 Rhb8 27. Rxb8 Rxb8 28. Ra4 Nb6 29. Rxa5 Nd5 30. c4 Nc3 31. Be3 f4 32. Bxf4 Ne2+ 33. Kg2 Nxf4+ 34. Kf3 Kf5 35. Ra7 Rf8 36. Ne4 Ng6 37. Ng3# 1-0


[Site "https://www.chess.com"]

[Event "Titled Tuesday Blitz September 28 2021"]
[White "Spitzl, Vinzent"]
[Black "Kaufman, Raymond"]
[WhiteFideId "12901253"]
[BlackFideId "2015056"]
[WhiteElo "2160"]
[BlackElo "2321"]
[Result "1-0"]
[Round "10"]
[TimeControl "180+1"]
[Date "2021.09.28"]
[WhiteClock "0:00:34"]
[BlackClock "0:00:05"]

1. e4 c5 2. Nf3 e6 3. d4 cxd4 4. Nxd4 Nf6 5. Nc3 Nc6 6. Ndb5 Bc5 7. Nd6+ Ke7 8. Bf4 e5 9. Nf5+ Kf8 10. Be3 Bxe3 11. Nxe3 d6 12. Bc4 g6 13. O-O Kg7 14. Qd3 Nd4 15. Ncd5 Nxd5 16. Nxd5 Be6 17. c3 Nc6 18. Rfd1 Na5 19. Bb3 Nxb3 20. axb3 a6 21. b4 Rc8 22. g3 h5 23. h4 Bxd5 24. Qxd5 Rc6 25. Qd2 Qf6 26. Qe3 Rhc8 27. Rd5 Rc4 28. Rad1 R8c6 29. R1d3 Rc7 30. Rxd6 Qe7 31. Kg2 R4c6 32. Rxc6 Rxc6 33. Rd5 b5 34. Qd3 Re6 35. Rd7 Qf6 36. Qd5 Rb6 37. Rd8 Re6 38. Qa8 Kh7 39. Rd7 Kg7 40. Qb7 Kg8 41. b3 Rb6 42. Qd5 Re6 43. c4 Kg7 44. c5 Kg8 45. Rd6 Kg7 46. Rxe6 1-0


[Site "https://www.chess.com"]

[Event "Titled Tuesday Blitz September 28 2021"]
[White "Stoyanov, Tsvetan"]
[Black "Shuvalov, Evgenij"]
[WhiteFideId "2917173"]
[BlackFideId "4187237"]
[WhiteElo "2191"]
[BlackElo "2129"]
[Result "0-1"]
[Round "10"]
[TimeControl "180+1"]
[Date "2021.09.28"]
[WhiteClock "0:00:25"]
[BlackClock "0:01:04"]

1. Nf3 Nf6 2. g3 g6 3. Bg2 Bg7 4. O-O O-O 5. c4 c6 6. d4 d5 7. cxd5 cxd5 8. Nc3 Ne4 9. Qb3 Nxc3 10. bxc3 Nc6 11. Ba3 Re8 12. Nd2 e6 13. e4 Na5 14. Qc2 b6 15. Rfe1 Bb7 16. exd5 Bxd5 17. Ne4 Nc4 18. Bc1 Qe7 19. h4 h6 20. Bf4 Qb7 21. Bf1 Red8 22. h5 g5 23. Bc1 Rac8 24. Bd3 f5 25. Nd2 Nxd2 26. Qxd2 Qf7 27. a4 Qxh5 0-1


[Site "https://www.chess.com"]

[Event "Titled Tuesday Blitz September 28 2021"]
[White "Suvorov, Luca"]
[Black "Nozdrachev, Leonid"]
[WhiteFideId "12977071"]
[BlackFideId "24113433"]
[WhiteElo "2127"]
[BlackElo "2196"]
[Result "1-0"]
[Round "10"]
[TimeControl "180+1"]
[Date "2021.09.28"]
[WhiteClock "0:00:06"]
[BlackClock "0:00:04"]

1. d4 d5 2. c4 dxc4 3. Nf3 g6 4. e3 Be6 5. Nbd2 b5 6. b3 c3 7. Ne4 b4 8. a3 Bd5 9. Bd3 a5 10. axb4 axb4 11. Bb5+ Nd7 12. Rxa8 Qxa8 13. Bxd7+ Kxd7 14. Nc5+ Ke8 15. O-O Nf6 16. Qe2 e6 17. Qb5+ c6 18. Qxb4 Bxf3 19. gxf3 Nd5 20. Qc4 Bxc5 21. Qxc5 f5 22. e4 Ne7 23. Bg5 Qb7 24. Ra1 Nc8 25. e5 Kf7 26. Qxc3 Re8 27. Rc1 h6 28. Bf6 Nb6 29. Qxc6 Qxc6 30. Rxc6 Nd5 31. Ra6 Rc8 32. Ra7+ Kg8 33. h4 h5 34. Rg7+ Kf8 35. Rxg6 Rc1+ 36. Kh2 Rf1 37. Rh6 Rxf2+ 38. Kg3 Rb2 39. Rxh5 Rxb3 40. Rh7 Rb1 41. h5 Rg1+ 42. Kf2 Rh1 43. Kg2 Rd1 44. h6 Rd2+ 45. Kg3 f4+ 46. Kh3 Rf2 47. Ra7 Rxf3+ 48. Kh2 Ne3 49. h7 Ng4+ 50. Kg2 Rg3+ 51. Kf1 Rh3 52. h8=Q+ Rxh8 53. Bxh8 f3 54. Bf6 Kg8 55. Bh4 Ne3+ 56. Kf2 Nf5 57. Bf6 Nxd4 58. Rd7 Nf5 59. Kxf3 Kf8 60. Kf4 Ke8 61. Ra7 Kf8 62. Kg5 Ke8 63. Bh8 Ne3 64. Kf6 Nd5+ 65. Kxe6 Nf4+ 66. Kf5 Nd5 67. e6 Ne3+ 68. Ke5 Nc4+ 69. Kf6 Nb6 70. Rb7 Nd5+ 71. Ke5 Ne3 72. Bf6 Ng4+ 73. Kf5 Ne3+ 74. Kg6 Nd5 75. Rb8# 1-0


[Site "https://www.chess.com"]

[Event "Titled Tuesday Blitz September 28 2021"]
[White "Tarasova, Viktoriya"]
[Black "Avila Pavas, Santiago"]
[WhiteFideId "4175840"]
[BlackFideId "4437128"]
[WhiteElo "2182"]
[BlackElo "2292"]
[Result "0-1"]
[Round "10"]
[TimeControl "180+1"]
[Date "2021.09.28"]
[WhiteClock "0:00:19"]
[BlackClock "0:00:19"]

1. d4 Nf6 2. c4 c5 3. d5 b5 4. cxb5 a6 5. bxa6 g6 6. Nc3 Bg7 7. Nf3 O-O 8. e4 Qa5 9. Bd2 Bxa6 10. a4 e6 11. dxe6 fxe6 12. Bb5 Bxb5 13. Nxb5 Qb6 14. Qe2 Nc6 15. O-O Na5 16. Bxa5 Rxa5 17. e5 Nd5 18. b3 Rf4 19. Rfd1 Ra8 20. Nd2 Raf8 21. f3 Rb4 22. Kh1 Qb8 23. Nd6 Nc3 24. Qe3 Nxd1 25. Rxd1 Rd4 26. N6c4 Rf5 27. Re1 Qf8 28. Qe2 Rh5 29. g4 Rh4 30. Ne4 Qf4 31. Qf2 g5 32. Nf6+ Bxf6 33. exf6 Qxf6 34. Qg3 Qf4 35. Qxf4 Rxf4 36. Kg2 d5 37. Ne5 Rb4 38. Re3 Rh6 39. Nc6 Rb6 40. Ne5 Rf6 41. Rc3 Rf8 42. Rxc5 Rxb3 43. Rc6 Re3 44. Rxe6 d4 45. Kf2 Rfxf3+ 46. Nxf3 Rxe6 47. Nxd4 Re4 48. Nf3 Rxg4 49. a5 h6 50. Ne5 Ra4 51. Nc6 Kf7 52. Kf3 h5 53. Kg3 Ke6 54. Kf3 Rc4 55. Nd8+ Kf5 56. Nf7 Rc3+ 57. Kf2 Ra3 58. Nd6+ Kf4 59. Nc4 Ra4 0-1


[Site "https://www.chess.com"]

[Event "Titled Tuesday Blitz September 28 2021"]
[White "Temirkanov, David"]
[Black "Rottenwohrer Suarez, Juan"]
[WhiteFideId "4168534"]
[BlackFideId "32068182"]
[WhiteElo "2125"]
[BlackElo "2158"]
[Result "0-1"]
[Round "10"]
[TimeControl "180+1"]
[Date "2021.09.28"]
[WhiteClock "0:00:01"]
[BlackClock "0:00:02"]

1. d4 Nf6 2. Bg5 Ne4 3. h4 h6 4. Bf4 c5 5. d5 Qb6 6. Qc1 e6 7. c4 Bd6 8. Bxd6 Qxd6 9. Nc3 Nxc3 10. Qxc3 O-O 11. dxe6 dxe6 12. Rd1 Qe7 13. Nf3 Nc6 14. e3 e5 15. Be2 Bg4 16. Nd2 Bxe2 17. Kxe2 Rad8 18. Ne4 f5 19. Ng3 f4 20. Ne4 fxe3 21. fxe3 Nd4+ 22. Ke1 Rf7 23. Rd2 Nf5 24. Kd1 Nxh4 25. Rxd8+ Qxd8+ 26. Kc1 Nxg2 27. Rd1 Qe7 28. Rd5 Rf1+ 29. Kc2 Qh4 30. Rxe5 Qh2 31. Kb3 Ne1 32. Re7 Rg1 33. Nd6 Qf2 34. Re8+ Kh7 35. Re7 Rg6 36. Ne4 Qf3 37. Nxc5 Ng2 0-1


[Site "https://www.chess.com"]

[Event "Titled Tuesday Blitz September 28 2021"]
[White "Timmermans, Mark"]
[Black "Hjartarson, Johann"]
[WhiteFideId "1026399"]
[BlackFideId "2300044"]
[WhiteElo "2460"]
[BlackElo "2502"]
[Result "1-0"]
[Round "10"]
[TimeControl "180+1"]
[Date "2021.09.28"]
[WhiteClock "0:00:44"]
[BlackClock "0:00:55"]

1. b4 Nf6 2. Bb2 e6 3. b5 d5 4. a4 Bd6 5. e3 O-O 6. c4 a6 7. Nf3 dxc4 8. Bxc4 axb5 9. axb5 Rxa1 10. Bxa1 Nbd7 11. O-O e5 12. d4 e4 13. Nfd2 Nb6 14. Be2 Qe7 15. Nc3 Bd7 16. Re1 Re8 17. Nf1 g6 18. Bb2 h5 19. Qc2 h4 20. f4 exf3 21. Bxf3 c6 22. bxc6 bxc6 23. e4 c5 24. d5 Nc4 25. Ba1 Ne5 26. Bd1 c4 27. h3 Nd3 28. Re2 Nh5 29. Na4 Nhf4 30. Re3 Ra8 31. Qxc4 Qg5 32. Bg4 Rxa4 33. Qc3 Bc5 34. Qg7# 1-0


[Site "https://www.chess.com"]

[Event "Titled Tuesday Blitz September 28 2021"]
[White "Timofeev, Artyom"]
[Black "Assaubayeva, Bibisara"]
[WhiteFideId "4140419"]
[BlackFideId "13708694"]
[WhiteElo "2591"]
[BlackElo "2232"]
[Result "0-1"]
[Round "10"]
[TimeControl "180+1"]
[Date "2021.09.28"]
[WhiteClock "0:00:02"]
[BlackClock "0:00:05"]

1. c4 Nf6 2. Nc3 g6 3. g3 Bg7 4. Bg2 O-O 5. d3 d6 6. Nf3 e5 7. O-O Nc6 8. Rb1 a5 9. b3 h6 10. Bb2 Be6 11. h3 Qd7 12. Kh2 Ne7 13. d4 exd4 14. Nxd4 c6 15. e4 a4 16. Qd2 axb3 17. axb3 Nh7 18. Rbd1 Rad8 19. f4 f5 20. Nxe6 Qxe6 21. exf5 Nxf5 22. Rfe1 Qf7 23. Ne4 Bxb2 24. Qxb2 Nf6 25. Nxf6+ Qxf6 26. Qxf6 Rxf6 27. h4 Kf7 28. Kh3 h5 29. Bf3 Kf8 30. Kg2 c5 31. b4 b6 32. b5 Nd4 33. Bd5 Nc2 34. Re2 Nb4 35. Bf3 Rd7 36. Ra1 d5 37. cxd5 Nxd5 38. Ra8+ Kg7 39. Ree8 Ne7 40. Be4 Re6 41. Bf3 Rd2+ 42. Kh3 Re3 43. Ra7 Kf7 44. Rh8 Ke6 45. Re8 Kf7 46. Rh8 Kf6 47. Rf8+ Ke6 48. Re8 Rd7 49. Rxd7 Kxd7 50. Bc6+ Kd6 51. Rd8+ Ke6 52. Bd7+ Kd5 53. Rb8 c4 54. Rxb6 c3 55. Ra6 c2 56. Ra1 Kd6 57. Bc6 Nxc6 58. bxc6 Rc3 59. Rc1 Kxc6 60. Kg2 Kc5 61. Kf2 Kc4 62. Ke2 Kb3 63. Kd2 Rxg3 64. Ra1 Kb2 65. Rf1 Rg2+ 66. Kd3 c1=Q 67. Rxc1 Kxc1 0-1


[Site "https://www.chess.com"]

[Event "Titled Tuesday Blitz September 28 2021"]
[White "Tristan, Leonardo"]
[Black "Sadovsky, Artem"]
[WhiteFideId "113816"]
[BlackFideId "4155840"]
[WhiteElo "2404"]
[BlackElo "2414"]
[Result "1-0"]
[Round "10"]
[TimeControl "180+1"]
[Date "2021.09.28"]
[WhiteClock "0:00:50"]
[BlackClock "0:00:42"]

1. d4 g6 2. Nf3 Bg7 3. Bf4 d6 4. e3 c5 5. c3 Nd7 6. h3 Ngf6 7. Be2 O-O 8. O-O b6 9. Bh2 Bb7 10. Nbd2 Qc7 11. a4 a6 12. Qb3 Rad8 13. Rfd1 Qb8 14. c4 cxd4 15. exd4 e5 16. dxe5 dxe5 17. a5 Nc5 18. Qxb6 Nfd7 19. Qb4 Bxf3 20. Qxb8 Rxb8 21. Bxf3 Rxb2 22. Bc6 Rc8 23. Bd5 Rxd2 24. Rxd2 Nb3 25. Bxf7+ Kf8 26. Rxd7 Nxa1 27. Bd5 Bh6 28. Rxh7 Bg7 29. Rxg7 Kxg7 30. Bxe5+ Kh7 31. Bxa1 Rb8 32. Bd4 Rb1+ 33. Kh2 Rd1 34. Bb6 Rd2 35. Bb7 Rd6 36. c5 Rxb6 1-0


[Site "https://www.chess.com"]